 Dungeon Crawl Stone Soup version 0.23.2-1-ga50397a (webtiles) character file.

Game seed: 2283375693352447067

140916 doot the Eclecticist (level 16, -22/84 HPs)
             Began as a Deep Elf Fire Elementalist on May 13, 2019.
             Was a High Priest of Vehumet.
             Killed from afar by a lich (26 damage)
             ... with a lance of force
             ... on level 4 of the Abyss on May 14, 2019.
             The game lasted 01:56:12 (34535 turns).

doot the Eclecticist (Deep Elf Fire Elementalist)  Turns: 34535, Time: 01:56:13

Health: -22/84     AC: 10    Str: 14    XL:     16   Next: 77%
Magic:  21/42      EV: 18    Int: 26    God:    Vehumet [*****.]
Gold:   1744       SH:  0    Dex: 16    Spells: 5/55 levels left

rFire    + + .     SeeInvis .   o - +6 dagger of Glory {distort, +Rage}
rCold    x x .     Gourm    .   (no shield)
rNeg     . . .     Faith    .   T - +1 leather armour "Wenex" {rPois Regen+ Str+6 Int-3}
rPois    +         Spirit   .   a - +0 hat
rElec    .         Reflect  .   r - +0 cloak
rCorr    +         Harm     .   F - +0 pair of gloves
MR       +....                  g - +1 pair of boots
Stlth    ++++......             Z - amulet of magic regeneration
HPRegen  0.64/turn              D - ring of wizardry
MPRegen  0.53/turn              N - ring of the Octopus King {rCorr AC+1 EV+1 Str+1 Int+1 Dex+1}

@: immune to fire clouds
A: antennae 1, beak, strong 1, wild magic 1
a: Renounce Religion, Evoke Berserk Rage


You were on level 4 of the Abyss.
You worshipped Vehumet.
Vehumet was extremely pleased with you.
You were hungry.

You visited 5 branches of the dungeon, and saw 26 of its levels.
You visited the Abyss 1 time.
You visited 1 bazaar.
You also visited: Ice Cave.

You collected 2492 gold pieces.
You spent 748 gold pieces at shops.

Inventory:

Hand Weapons
 o - the +6 dagger of Glory (weapon) {distort, +Rage}
   (You took it off an orc priest on level 11 of the Dungeon)

   It warps and distorts space around it.
   Unwielding it can cause banishment or high damage.
   It lets you go berserk.
 H - a +4 short sword of electrocution
Armour
 a - a +0 hat (worn)
 g - a +1 pair of boots (worn)
 l - a scarf of repulsion
 r - a +0 cloak (worn)
 F - a +0 pair of gloves (worn)
 P - a +3 chain mail of fire resistance
 T - the +1 leather armour "Wenex" (worn) {rPois Regen+ Str+6 Int-3}
   (You found it on level 10 of the Dungeon)

   It affects your strength (+6).
   It affects your intelligence (-3).
   It protects you from poison.
   It increases your rate of regeneration.
Jewellery
 B - a +5 ring of evasion
 C - an uncursed ring of ice
 D - a ring of wizardry (left hand)
 E - an uncursed amulet of faith
 J - a +3 ring of intelligence
 N - a ring of the Octopus King (right hand) {rCorr AC+1 EV+1 Str+1 Int+1 Dex+1}
   (You found it on level 8 of the Dungeon)

   [ring of resist corrosion]

   It affects your AC (+1).
   It affects your evasion (+1).
   It affects your strength (+1).
   It affects your intelligence (+1).
   It affects your dexterity (+1).
 O - the ring of Scepticism {rElec AC+2 Str-5 Dex+10 SInv}
   (You took it off a wight on level 9 of the Dungeon)

   [ring of protection]

   It affects your AC (+2).
   It affects your strength (-5).
   It affects your dexterity (+10).
   It insulates you from electricity.
   It lets you see invisible.
 V - an uncursed ring of protection from cold
 Z - an amulet of magic regeneration (around neck)
Wands
 b - a wand of scattershot (5)
 t - a wand of random effects (45)
 I - a wand of digging (16)
 Q - a wand of flame (51)
 W - a wand of iceblast (10)
Scrolls
 e - 3 scrolls of remove curse
 h - 6 scrolls of enchant armour
 i - 7 scrolls of amnesia
 j - 6 scrolls of teleportation
 n - 5 scrolls of fear
 s - a scroll of random uselessness {unknown}
 x - a scroll of blinking
 y - 4 scrolls of immolation {unknown}
 z - 5 scrolls of noise
 R - a scroll of brand weapon {unknown}
 S - a scroll of enchant weapon
 X - 3 scrolls of magic mapping {unknown}
Potions
 d - 3 potions of agility
 k - 2 potions of ambrosia
 p - 3 potions of resistance
 q - 3 potions of flight
 u - 4 potions of mutation
 v - 7 potions of lignification
 w - 2 potions of magic
 A - 3 potions of might
 G - 5 potions of curing
 K - a potion of haste
 L - 3 potions of brilliance
 M - 2 potions of invisibility
Miscellaneous
 f - a sack of spiders
 U - a fan of gales
 Y - a crystal ball of energy
Comestibles
 c - 21 rations


   Skills:
 + Level 4.0 Fighting
 + Level 5.8 Short Blades
 + Level 4.0 Armour
 + Level 7.7 Dodging
 + Level 7.7 Stealth
 + Level 20.4 Spellcasting
 + Level 13.9 Conjurations
 + Level 1.5 Hexes
 + Level 10.8 Charms
 + Level 0.7 Summonings
 + Level 16.6 Fire Magic
 + Level 3.9 Earth Magic
 + Level 6.4 Poison Magic


You had 5 spell levels left.
You knew the following spells:

 Your Spells              Type           Power        Failure   Level  Hunger
a - Flame Tongue          Conj/Fire      #####        1%          1    None
b - Throw Flame           Conj/Fire      ######       1%          2    None
c - Conjure Flame         Conj/Fire      ########     1%          3    None
d - Sticky Flame          Conj/Fire      ########     1%          4    None
e - Inner Flame           Hex/Fire       #######.     1%          3    None
f - Ignition              Fire           ########..   2%          8    ######.
g - Olgreb's Toxic Radia  Pois           ######..     1%          4    None
h - Bolt of Magma         Conj/Fire/Erth ########..   1%          5    None
i - Ring of Flames        Chrm/Fire      ########..   4%          7    ####...
j - Poison Arrow          Conj/Pois      #######...   1%          6    #......
k - Spellforged Servitor  Conj/Summ      ######....   12%         7    ####...

Your spell library contained the following spells:

 Spells                   Type           Power        Failure   Level  Hunger
 Chain Lightning          Conj/Air       ######....   58%         8    ######.
 Shatter                  Erth           ######....   100%        9    #######
 Tornado                  Air            ####......   100%        9    #######
 Poisonous Vapours        Pois/Air       ######       1%          2    None
 Ignite Poison            Fire/Tmut/Pois #######.     1%          3    None
 Mephitic Cloud           Conj/Pois/Air  ######..     1%          3    None
 Fireball                 Conj/Fire      ########..   1%          5    None
 Iskenderun's Battlesphe  Conj/Chrm      #######.     1%          5    None
 Venom Bolt               Conj/Pois      #######...   1%          5    None
 Bolt of Fire             Conj/Fire      ########..   1%          6    #......
 Iron Shot                Conj/Erth      #######...   1%          6    #......
 Orb of Destruction       Conj           #######...   1%          7    ####...
 Freezing Cloud           Conj/Ice/Air   ######....   7%          6    #......


Dungeon Overview and Level Annotations

Branches:
Dungeon (14/15)            Temple (1/1) D:4            Lair (6/6) D:10
 Shoals (0/4) Lair:3        Snake (0/4) Lair:2          Orc (2/2) D:11
    Elf (3/3) Orc:2        Vaults (0/5) D:14
  Slime: Lair:5-6

Altars:
Ashenzari
Cheibriados
Dithmenos
Elyvilon
Fedhas
Gozag
Hepliaklqana
Kikubaaqudgha
Makhleb
Nemelex Xobeh
Qazlal
Ru
Sif Muna
Trog
Uskayaw
Vehumet
Xom
Yredelemnul
Zin
Beogh

Shops:
D:7 *   D:10 *   D:11 :   D:13 *%   D:14 [   Orc:2 *=(:(*[((   Elf:2 ==}
Elf:3 ?:}*

Annotations:
D:7 2 transporters, Paps's ghost, novice TrFi
Elf:2 3 runed translucent doors


Innate Abilities, Weirdness & Mutations

You have a pair of small antennae on your head.
You have a beak for a mouth.
Your muscles are strong. (Str +2)
Your spells are a little harder to cast, but a little more powerful.


Message History

You summon a servant imbued with your destructive magic!
The lich is engulfed in blazing flames.
The lich points at you and mumbles some strange words.
The bolt of cold hits you!!!
You feel a terrible chill!
Ouch! That really hurt!
* * * LOW HITPOINT WARNING * * *
You hear a sizzling sound!
Unknown command.
Okay, then.
Unknown command.
Casting: Spellforged Servitor (quite dangerous; 12% risk of failure)
Confirm with . or Enter, or press ? or * to list all spells.
You feel a surge of power!
The air bursts into flame!
The fireball engulfs the lich!!
The lich is heavily damaged.
You are feeling hungry.
The lich is engulfed in blazing flames.
The lich points at you and mumbles some strange words.
The lance of force hits you!!
You die...

## #######
###
#.....#####
##L○....###
#@8....###
#☼°....##
##._...##
#.....##
####....##
#.......##
##.#.#..####
#
###...###.##
##X#
#...##.+.
w..≈#


You could see a lich and a friendly spellforged servitor.

Vanquished Creatures
  Jorgrun (Orc:1)
  A frost giant (IceCv)
  2 deep elf sorcerers (Elf:3)
  4 orc warlords
  4 deep elf elementalists (Elf:3)
  A deep elf annihilator (Elf:2)
  Nessos (Lair:5)
  2 deep elf demonologists
  4 deep elf death magi (Elf:3)
  Snorg (Lair:3)
  4 deep elf high priests
  Erolcha (Orc:1)
  A naga warrior (Abyss:4)
  5 hydras
  An ogre mage (D:13)
  Harold (Orc:1)
  4 death yaks
  9 two-headed ogres
  2 centaur warriors (D:14)
  Erica (Orc:1)
  2 catoblepae (Lair:3)
  8 dancing weapons
  5 orc high priests
  Nergalle (Orc:1)
  7 deep elf knights
  5 deep elf archers
  2 unseen horrors
  7 orc knights
  2 cyclopes
  A salamander (Abyss:4)
  8 ugly things
  A large abomination (Abyss:4)
  3 manticores
  5 orc sorcerers
  A cyclops (shapeshifter) (Elf:2)
  31 deep elf magi
  Joseph (D:8)
  A naga mage (Abyss:4)
  Maurice (D:8)
  4 black mambas
  An ice statue (IceCv)
  2 merfolk sirens (Lair:3)
  2 gargoyles
  A guardian serpent (Abyss:4)
  6 spiny frogs
  A kobold demonologist (D:14)
  2 komodo dragons
  A freezing wraith (Abyss:4)
  2 rime drakes
  A guardian mummy (D:14)
  8 trolls
  14 polar bears
  2 merfolk (Lair:3)
  4 blink frogs (Lair:1)
  A raiju (Abyss:4)
  11 hippogriffs
  2 water elementals
  Sigmund (D:6)
  6 starcursed masses (Abyss:4)
  2 air elementals
  54 yaks
  A vampire (D:12)
  3 wyverns
  A shadow (D:13)
  A ynoxinul (Abyss:4)
  4 basilisks
  3 hogs (D:7)
  2 steam dragons
  2 vampire mosquitoes (D:10)
  A basilisk (shapeshifter) (Abyss:4)
  5 hungry ghosts
  18 humans
  14 wargs
  A naga (Abyss:4)
  16 water moccasins
  14 porcupines
  An eye of draining (D:13)
  9 ice beasts
  55 orc warriors
  7 black bears (Lair:1)
  2 sky beasts
  13 ogres
  A phantom (D:14)
  12 centaurs
  36 wolves
  6 crocodiles
  A big kobold (D:12)
  15 bullfrogs
  2 earth elementals
  A gnoll sergeant (D:8)
  A small abomination (Abyss:4)
  3 scorpions
  An electric eel (Lair:1)
  4 wights
  6 howler monkeys
  4 bullfrog zombies
  6 crimson imps
  37 orc priests
  32 orc wizards
  3 centaur zombies
  5 hounds
  4 jellies
  2 bullfrog skeletons
  4 centaur skeletons
  14 worker ants
  Jessica (D:3)
  Natasha (thrice) (D:4)
  4 iguanas
  A killer bee zombie (D:10)
  A mummy (D:14)
  A worker ant zombie (D:5)
  9 gnolls
  A howler monkey skeleton (D:8)
  18 adders
  5 shadow imps
  An ufetubus (Abyss:4)
  2 oozes
  6 worms
  5 dart slugs
  6 leopard geckos
  152 orcs
  4 giant cockroaches
  7 goblins
  11 hobgoblins
  11 jackals
  11 kobolds
  8 quokkas
  3 ball pythons
  5 bats
  2 frilled lizards
  3 leopard gecko skeletons
  2 leopard gecko zombies
  A quokka zombie (D:7)
  10 rats
  A plant (Lair:1)
938 creatures vanquished.

Vanquished Creatures (collateral kills)
  A deep elf elementalist (Elf:3)
  A deep elf annihilator (Elf:3)
  A deep elf death mage (Elf:3)
  2 deep elf high priests (Elf:3)
  A ynoxinul (Abyss:4)
6 creatures vanquished.

Vanquished Creatures (others)
  A centaur warrior (D:12)
  A deep elf archer (Elf:3)
  3 deep elf magi (Elf:3)
  A polar bear (IceCv)
  A yak (IceCv)
  A wolf (IceCv)
  A bullfrog (Lair:2)
  A fungus (Lair:4)
  2 plants (Lair:1)
  4 starspawn tentacles (Abyss:4)
16 creatures vanquished.

Grand Total: 960 creatures vanquished

Notes
Turn   | Place    | Note
-------+----------+-------------------------------------------
     0 | D:1      | doot the Deep Elf Fire Elementalist began the quest for the
                  | Orb.
     0 | D:1      | Reached XP level 1. HP: 10/10 MP: 6/6
   144 | D:1      | Reached XP level 2. HP: 9/15 MP: 2/8
   195 | D:1      | Learned a level 2 spell: Throw Flame
   699 | D:1      | Reached XP level 3. HP: 19/19 MP: 5/10
  1100 | D:2      | Learned a level 3 spell: Conjure Flame
  1470 | D:2      | Reached skill level 4 in Spellcasting
  1470 | D:2      | Reached XP level 4. HP: 24/24 MP: 3/12
  1542 | D:2      | Learned a level 4 spell: Sticky Flame
  1637 | D:2      | Found a hazy altar of Hepliaklqana.
  2520 | D:3      | Noticed Jessica
  2536 | D:3      | Killed Jessica
  2536 | D:3      | Reached XP level 5. HP: 28/28 MP: 8/13
  2713 | D:3      | Found a radiant altar of Vehumet.
  2719 | D:3      | Became a worshipper of Vehumet
  3097 | D:4      | Noticed an ogre
  3104 | D:4      | Killed an ogre
  3104 | D:4      | Reached skill level 5 in Spellcasting
  3104 | D:4      | Reached skill level 5 in Fire Magic
  3104 | D:4      | Reached XP level 6. HP: 32/32 MP: 9/15
  3130 | D:4      | Reached skill level 1 in Short Blades
  3145 | D:4      | Learned a level 3 spell: Inner Flame
  3934 | D:4      | Found a staircase to the Ecumenical Temple.
  3986 | Temple   | Entered the Ecumenical Temple
  4236 | D:4      | Noticed Natasha
  4429 | D:4      | Killed Natasha
  4599 | D:4      | Noticed Natasha
  4601 | D:4      | Killed Natasha
  4803 | D:4      | Noticed Natasha
  4806 | D:4      | Killed Natasha
  4889 | D:5      | Entered Level 5 of the Dungeon
  4945 | D:4      | Reached XP level 7. HP: 18/36 MP: 0/17
  5475 | D:5      | Noticed a hungry ghost
  5500 | D:5      | Killed a hungry ghost
  5500 | D:5      | Reached skill level 6 in Spellcasting
  6173 | D:5      | Reached * piety under Vehumet
  6173 | D:5      | Offered knowledge of Sandblast by Vehumet.
  6453 | D:6      | Reached skill level 5 in Conjurations
  6515 | D:6      | Found a sacrificial altar of Ru.
  6912 | D:6      | Noticed Sigmund
  6931 | D:6      | Killed Sigmund
  6931 | D:6      | Reached skill level 7 in Spellcasting
  6931 | D:6      | Reached XP level 8. HP: 27/42 MP: 7/20
  7284 | D:6      | Found a snail-covered altar of Cheibriados.
  7294 | D:6      | Found a sparkling altar of Nemelex Xobeh.
  7326 | D:6      | Found a deep blue altar of Sif Muna.
  7657 | D:6      | Learned a level 5 spell: Fireball
  7685 | D:6      | Reached skill level 8 in Spellcasting
  8120 | D:7      | Found a white marble altar of Elyvilon.
  8186 | D:7      | Found a shimmering altar of Xom.
  8191 | D:7      | Noticed a hippogriff
  8201 | D:7      | Killed a hippogriff
  8201 | D:7      | Reached skill level 1 in Fighting
  8477 | D:7      | Found Zin's Purification Station.
  8477 | D:7      | Found a glowing silver altar of Zin.
  8572 | D:7      | Found a transporter.
  8586 | D:7      | Reached XP level 9. HP: 47/47 MP: 23/23
  8593 | D:7      | Found a transporter.
  8594 | D:7      | Noticed Paps's ghost (novice TrFi)
  8705 | D:7      | Noticed a five-headed hydra
  8752 | D:7      | Gained mutation: You tend to lose your temper in combat.
                  | [potion of mutation]
  8752 | D:7      | Gained mutation: You have a beak for a mouth. [potion of
                  | mutation]
  8752 | D:7      | Gained mutation: You are resistant to hostile enchantments.
                  | (MR+) [potion of mutation]
  8752 | D:7      | Gained mutation: You are agile. (Dex +2) [potion of
                  | mutation]
  8754 | D:7      | Offered knowledge of Freeze by Vehumet.
  8761 | D:7      | Killed a five-headed hydra
  8761 | D:7      | Reached ** piety under Vehumet
  8761 | D:7      | Reached skill level 9 in Spellcasting
  9274 | D:7      | Reached skill level 5 in Dodging
  9274 | D:7      | Reached skill level 10 in Spellcasting
  9531 | D:8      | Reached XP level 10. HP: 53/53 MP: 26/26
  9791 | D:8      | Noticed Maurice
  9822 | D:8      | Offered knowledge of Ignite Poison by Vehumet.
 10524 | D:8      | Found the ring of the Octopus King
 10529 | D:8      | Got a ring of the Octopus King
 10545 | D:8      | Noticed Joseph
 10563 | D:8      | Killed Joseph
 10563 | D:8      | Reached *** piety under Vehumet
 10563 | D:8      | Reached skill level 5 in Stealth
 11345 | D:8      | Killed Maurice
 11345 | D:8      | Reached skill level 1 in Hexes
 11537 | D:9      | Reached skill level 11 in Spellcasting
 11552 | D:9      | Noticed a cyclops
 11744 | D:9      | Offered knowledge of Static Discharge by Vehumet.
 11956 | D:9      | Identified the ring of Scepticism {rElec AC+2 Str-5 Dex+10
                  | SInv}
 11983 | D:9      | Found a sacrificial altar of Ru.
 12192 | D:10     | Entered Level 10 of the Dungeon
 12426 | D:10     | Identified a ring of the Octopus King {rCorr AC+1 EV+1
                  | Str+1 Int+1 Dex+1} (You found it on level 8 of the Dungeon)
 12447 | D:10     | Lost strength.
 12551 | D:10     | Reached skill level 10 in Fire Magic
 12648 | D:10     | Reached **** piety under Vehumet
 13146 | D:10     | Found Yscher's General Store.
 13168 | D:11     | Reached XP level 11. HP: 45/57 MP: 22/28
 13275 | D:11     | Found a staircase to the Orcish Mines.
 13302 | D:11     | Offered knowledge of Iskenderun's Mystic Blast by Vehumet.
 13456 | D:11     | Identified the +6 dagger of Glory {distort, +Rage}
 13480 | D:11     | Noticed a two-headed ogre
 13498 | D:11     | Killed a two-headed ogre
 13887 | D:10     | Reached skill level 12 in Spellcasting
 14019 | D:10     | Bought a scroll of teleportation for 36 gold pieces
 14147 | D:10     | Got a crystal short sword
 14148 | D:10     | Identified the cursed +0 short sword of Heckig {drain,
                  | +Rage Str+5} (You found it on level 10 of the Dungeon)
 14157 | D:10     | Noticed an unseen horror
 14161 | D:10     | Killed an unseen horror
 14210 | D:10     | Lost mutation: You are resistant to hostile enchantments.
                  | (MR+) [potion of mutation]
 14210 | D:10     | Lost mutation: You are agile. (Dex +2) [potion of mutation]
 14210 | D:10     | Lost mutation: You tend to lose your temper in combat.
                  | [potion of mutation]
 14210 | D:10     | Gained mutation: You have a pair of small antennae on your
                  | head. [potion of mutation]
 14210 | D:10     | Gained mutation: Your muscles are strong. (Str +2) [potion
                  | of mutation]
 14210 | D:10     | Gained mutation: Your spells are a little harder to cast,
                  | but a little more powerful. [potion of mutation]
 14226 | D:10     | Found a staircase to the Lair.
 14888 | D:10     | Got an ichor-stained leather armour
 14899 | D:10     | Identified the cursed +1 leather armour "Wenex" {rPois
                  | Regen+ Str+6 Int-3} (You found it on level 10 of the
                  | Dungeon)
 15063 | D:10     | Noticed a death yak
 15091 | D:10     | Reached ***** piety under Vehumet
 15091 | D:10     | Reached skill level 10 in Conjurations
 15092 | D:10     | Killed a death yak
 15203 | D:10     | Offered knowledge of Olgreb's Toxic Radiance by Vehumet.
 15406 | D:11     | Found Ceyfeqavu's Book Shoppe.
 15583 | D:12     | Reached skill level 13 in Spellcasting
 15761 | D:12     | Noticed a centaur warrior
 15770 | D:12     | Banished a centaur warrior
 15770 | D:12     | Reached skill level 1 in Armour
 15951 | D:12     | Noticed a purple ugly thing
 16010 | Orc:1    | Entered Level 1 of the Orcish Mines
 16010 | Orc:1    | Noticed an orc warlord
 16011 | Orc:1    | Noticed an orc sorcerer
 16141 | Lair:1   | Entered Level 1 of the Lair of Beasts
 16328 | Lair:1   | Reached XP level 12. HP: 64/64 MP: 22/31
 16394 | Lair:1   | Learned a level 4 spell: Olgreb's Toxic Radiance
 16406 | Lair:1   | Found a white marble altar of Elyvilon.
 17226 | Lair:1   | Noticed a six-headed hydra
 17255 | Lair:1   | Killed a six-headed hydra
 17745 | Lair:2   | Found a frozen archway.
 17781 | Lair:2   | Reached skill level 14 in Spellcasting
 17794 | IceCv    | Entered an ice cave
 18253 | IceCv    | Reached skill level 5 in Short Blades
 18684 | IceCv    | Offered knowledge of Bolt of Magma by Vehumet.
 18691 | IceCv    | Learned a level 5 spell: Bolt of Magma
 18711 | IceCv    | Learned a level 7 spell: Ring of Flames
 18735 | IceCv    | Reached skill level 1 in Charms
 18866 | IceCv    | Noticed a death yak
 18980 | IceCv    | Killed a death yak
 18980 | IceCv    | Reached skill level 5 in Charms
 19242 | IceCv    | Noticed a death yak
 19251 | IceCv    | Noticed a death yak
 19261 | IceCv    | Killed a death yak
 19261 | IceCv    | Reached XP level 13. HP: 48/68 MP: 20/33
 19682 | IceCv    | Noticed a frost giant
 19697 | IceCv    | Killed a frost giant
 20128 | Lair:2   | Found a staircase to the Snake Pit.
 20159 | Lair:2   | Reached skill level 10 in Charms
 20964 | Lair:3   | Noticed Snorg
 21015 | Lair:2   | Reached skill level 1 in Poison Magic
 21300 | Lair:3   | Offered knowledge of Poison Arrow by Vehumet.
 21311 | Lair:3   | Learned a level 6 spell: Poison Arrow
 21970 | Lair:3   | Killed Snorg
 21970 | Lair:3   | Reached skill level 1 in Earth Magic
 21986 | Lair:3   | HP: 3/68 [cloud of flame (12)]
 22305 | Lair:3   | Found a staircase to the Shoals.
 22564 | Lair:4   | Reached skill level 15 in Spellcasting
 23853 | Lair:5   | Noticed Nessos
 23875 | Lair:5   | Killed Nessos
 23979 | Lair:5   | Reached XP level 14. HP: 74/74 MP: 31/35
 23990 | Lair:5   | Learned a level 8 spell: Ignition
 24403 | Lair:6   | Entered Level 6 of the Lair of Beasts
 25880 | D:13     | Reached skill level 16 in Spellcasting
 25994 | D:13     | Found Relophi's General Store.
 26196 | D:13     | Reached ****** piety under Vehumet
 26198 | D:13     | Offered knowledge of Irradiate by Vehumet.
 26672 | D:13     | Found Jifomn's Food Emporium.
 26868 | D:14     | Found a gate to the Vaults.
 26989 | D:14     | Reached skill level 17 in Spellcasting
 27530 | D:14     | Found Cedugy's Antique Armour Boutique.
 27814 | Orc:1    | Killed an orc warlord
 27851 | Orc:1    | Offered knowledge of Bolt of Cold by Vehumet.
 28076 | Orc:2    | Entered Level 2 of the Orcish Mines
 28076 | Orc:2    | Found a staircase to the Elven Halls.
 28089 | Orc:2    | Found Untet's General Store.
 28101 | Orc:2    | Bought a scroll of enchant armour for 90 gold pieces
 28129 | Orc:2    | Found Nienkosch's Jewellery Shop.
 28129 | Orc:2    | Found Zammer's Antique Weapon Boutique.
 28180 | Orc:2    | Found Bitijaj's Weapon Shop.
 28200 | Orc:2    | Found Nang's Weapon Shop.
 28253 | Orc:2    | Reached XP level 15. HP: 80/80 MP: 35/38
 28269 | Orc:2    | Noticed an orc warlord
 28271 | Orc:2    | Offered knowledge of Conjure Ball Lightning by Vehumet.
 28274 | Orc:2    | Killed an orc warlord
 28381 | Orc:2    | Reached skill level 18 in Spellcasting
 28478 | Orc:2    | Found Zeedohez's Antique Armour Shop.
 28478 | Orc:2    | Found Cepheono's Antique Weapon Shop.
 28480 | Orc:2    | Found Herokk's General Store.
 28480 | Orc:2    | Found Sinoenid's Book Boutique.
 28706 | Orc:2    | Found a roughly hewn altar of Beogh.
 28924 | Orc:1    | Noticed Harold
 28925 | Orc:1    | Noticed Nergalle
 28927 | Orc:1    | Noticed Jorgrun
 28928 | Orc:1    | Killed Nergalle
 28929 | Orc:1    | Killed Harold
 29005 | Orc:1    | Noticed an orc warlord
 29009 | Orc:1    | Killed Jorgrun
 29009 | Orc:1    | Killed an orc warlord
 29018 | Orc:1    | Reached skill level 15 in Fire Magic
 29155 | Orc:1    | Offered knowledge of Ozocubu's Refrigeration by Vehumet.
 29159 | Orc:1    | Noticed Erolcha
 29160 | Orc:1    | Noticed Erica
 29161 | Orc:1    | Killed Erolcha
 29161 | Orc:1    | Killed Erica
 29525 | Orc:1    | Noticed an orc warlord
 29529 | Orc:1    | Killed an orc warlord
 29720 | Orc:1    | Found a roughly hewn altar of Beogh.
 29997 | Orc:1    | Learned a level 7 spell: Spellforged Servitor
 30083 | Elf:1    | Entered Level 1 of the Elven Halls
 30126 | Elf:1    | Offered knowledge of Shatter by Vehumet.
 30126 | Elf:1    | Offered knowledge of Chain Lightning by Vehumet.
 30126 | Elf:1    | Offered knowledge of Tornado by Vehumet.
 30678 | Elf:1    | Noticed a Tzitzimitl
 30678 | Elf:1    | Reached skill level 19 in Spellcasting
 31304 | Elf:1    | Reached skill level 5 in Poison Magic
 31552 | Elf:2    | Reached XP level 16. HP: 84/84 MP: 38/41
 31947 | Elf:2    | Found Taufulil's Gadget Boutique.
 31947 | Elf:2    | Found Nasodo's Jewellery Emporium.
 31948 | Elf:2    | Found Xuitaweu's Jewellery Emporium.
 31957 | Elf:2    | Bought an uncursed amulet of magic regeneration for 450
                  | gold pieces
 32025 | Elf:2    | Found a runed translucent gate.
 32025 | Elf:2    | Found a runed translucent gate.
 32025 | Elf:2    | Found a runed translucent gate.
 32357 | Elf:3    | Entered Level 3 of the Elven Halls
 32625 | Elf:3    | Found Naanto's Book Shoppe.
 32653 | Elf:3    | Found Naiweexe's Magic Scroll Boutique.
 32779 | Elf:3    | Found Eqeudeuwk's General Store.
 32867 | Elf:3    | Bought a scroll of identify for 28 gold pieces
 32996 | Elf:3    | Found Zangapur's Gadget Shoppe.
 33148 | Elf:3    | Found a gateway to a bazaar.
 33193 | Bazaar   | Entered a bazaar
 33193 | Bazaar   | Found Emuamonu's Magic Scroll Shop.
 33293 | Bazaar   | Found Afaerchar's General Store.
 33304 | Bazaar   | Found Enaanwea's Antique Weapon Boutique.
 33312 | Bazaar   | Found Petees's Gadget Boutique.
 33326 | Bazaar   | Found Xufazufy's Antique Armour Emporium.
 33334 | Bazaar   | Bought an ancient ring mail for 144 gold pieces
 33346 | Bazaar   | Identified the +0 ring mail of Tajeck {rC+} (You bought it
                  | in a shop in a bazaar)
 33654 | Elf:3    | Reached skill level 20 in Spellcasting
 34176 | Elf:3    | Cast into level 4 of the Abyss (a deep elf sorcerer)
 34479 | Abyss:4  | Noticed a tentacled starspawn
 34508 | Abyss:4  | Noticed a tentacled starspawn
 34513 | Abyss:4  | Found a corrupted altar of Lugonu.
 34530 | Abyss:4  | Noticed a lich
 34534 | Abyss:4  | HP: 3/84 [lich/bolt of cold (69)]
 34535 | Abyss:4  | Killed from afar by a lich

Skill      XL: |  1  2  3  4  5  6  7  8  9 10 11 12 13 14 15 16 |
---------------+-------------------------------------------------+-----
Fire Magic     | 4 5 6 7 8 10 11 12 13 14 15 16 | 16.6
Spellcasting   | 4 5 7 8 10 11 13 14 15 17 19 20 | 20.4
Conjurations   | 2 3 4 5 6 7 9 10 11 12 13 | 13.9
Dodging        | 3 4 5 6 7 |  7.7
Stealth        | 3 4 5 6 7 |  7.7
Short Blades   | 1 2 3 4 5 |  5.8
Fighting       | 1 2 3 4 |  4.0
Hexes          | 1 |  1.5
Armour         | 1 2 3 4 |  4.0
Charms         | 7 10 | 10.8
Poison Magic   | 3 4 5 6 |  6.4
Earth Magic    | 1 2 3 |  3.9
Summonings     | |  0.7

Action                   |  1- 3 |  4- 6 |  7- 9 | 10-12 | 13-15 | 16-18 || total
-------------------------+-------+-------+-------+-------+-------+-------++-------
Melee: Dagger            |    10 |    40 |   124 |   146 |    87 |     7 ||   414
       Peck              |       |       |     3 |    34 |    10 |     1 ||    48
       Short sword       |       |       |       |    34 |       |       ||    34
 Cast: Flame Tongue      |    50 |    53 |    88 |   359 |    86 |       ||   636
       Throw Flame       |    20 |    46 |    45 |    56 |    31 |       ||   198
       Conjure Flame     |       |     2 |     5 |    40 |    17 |     1 ||    65
       Sticky Flame      |       |     9 |    27 |   139 |    75 |     1 ||   251
       Inner Flame       |       |       |     2 |    10 |     3 |       ||    15
       Fireball          |       |       |       |    11 |       |       ||    11
       Bolt of Magma     |       |       |       |       |    50 |    21 ||    71
       Poison Arrow      |       |       |       |       |   102 |    61 ||   163
       Olgreb's Toxic Ra |       |       |       |       |    10 |     1 ||    11
       Ring of Flames    |       |       |       |       |     4 |     1 ||     5
       Ignition          |       |       |       |       |    75 |    23 ||    98
       Spellforged Servi |       |       |       |       |     1 |     9 ||    10
  Use: Potion            |     2 |       |     1 |     2 |     3 |     1 ||     9
       Scroll            |       |       |       |     8 |    14 |     4 ||    26
 Stab: Sleeping          |       |     6 |     4 |     9 |     6 |       ||    25
       Petrified         |       |       |       |       |     1 |       ||     1
  Eat: Chunk             |     2 |     8 |    10 |    25 |    64 |     7 ||   116
       Ration            |       |     1 |     4 |     2 |     6 |     4 ||    17
Armor: Robe              |     6 |     5 |    12 |     5 |       |       ||    28
       Leather armour    |       |       |       |    23 |    38 |     9 ||    70
Dodge: Dodged            |    32 |    24 |    95 |   326 |   236 |    22 ||   735
       Deflected         |       |     1 |     2 |     7 |     1 |       ||    11
